AoeStats
← MR1BOOMBOX

Black Forest

508285740Analyzed
3v3 RM · 12d ago on Sep 21, 2026· 62m 19s· 6 players
Game mode
Random Map
Map size
Normal (6 player)
Population
200
Speed
Normal
Resources
Standard
Victory
Conquest
Starting age
Dark Age
Ending age
Imperial Age
RankedLock teamsTeams togetherTeam positionsShared explorationLock speedFull tech treeHidden civsTurbo modeCheats
Victory
Defeat
🇫🇷 Spanish · France
1049
+12
🇹🇷 Celts · Türkiye
1000
+14
🇫🇷 Britons · France
955
+17
🇺🇸 Persians · United States
1004
-16
🇺🇸 Vietnamese · United States
957
-41
🇺🇸 Khmer · United States
931
-13
Lil_Sleezy
0:37 Loom
12:20 Feudal Age
18:34 Castle Age
16:35 Double-Bit Axe
16:43 Stone Mining
17:13 Gold Mining
17:21 Horse Collar
20:39 Gold Shaft Mining
23:05 Wheelbarrow
22:42 Scale Barding Armor
22:48 Forging
22:52 Bow Saw
22:57 Heavy Plow
25:19 Chain Barding Armor
25:35 Iron Casting
27:13 Bloodlines
27:08 Husbandry
29:23 Devotion
38:10 Imperial Age
37:21 Caravan
37:56 Cavalier
39:24 Savar
43:52 Blast Furnace
42:49 Town Watch
45:22 Plate Barding Armor
52:06 Conscription
57:46 Coinage
MR1BOOMBOX
25:00 Feudal Age
25:32 Double-Bit Axe
25:49 Stone Mining
30:42 Horse Collar
32:34 Wheelbarrow
40:22 Man-at-Arms
58:08 Gold Mining
62:21 Castle Age
62:01 Loom
62:02 Town Watch
Rival_MG
7:53 Loom
10:42 Feudal Age
11:16 Double-Bit Axe
11:13 Horse Collar
17:20 Castle Age
16:44 Fletching
18:19 Bow Saw
19:25 Wheelbarrow
22:17 Stone Mining
26:27 Heavy Plow
29:14 Gold Mining
30:12 Hand Cart
32:25 Caravan
35:30 Imperial Age
34:18 Gold Shaft Mining
34:47 Ballistics
34:23 Murder Holes
34:49 Masonry
34:37 Town Watch
36:30 Stone Shaft Mining
36:45 Conscription
36:28 Double Crossbow
36:08 Elite Ballista Elephant
37:39 Crop Rotation
37:17 Heavy Scorpion
40:14 Chemistry
39:45 Architecture
39:22 Siege Engineers
39:28 Fortified Wall
42:15 Tusk Swords
43:21 Bodkin Arrow
43:36 Scale Barding Armor
43:42 Forging
43:48 Bloodlines
43:38 Husbandry
43:00 Elite Battle Elephant
45:02 Hoardings
46:12 Town Patrol
47:26 Chain Barding Armor
47:42 Iron Casting
47:08 Bracer
53:24 Light Cavalry
55:00 Plate Barding Armor
54:46 Hussar
57:44 Blast Furnace
Evobax
12:55 Feudal Age
14:17 Loom
14:21 Double-Bit Axe
14:23 Horse Collar
18:02 Castle Age
16:17 Stone Mining
16:20 Gold Mining
19:26 Wheelbarrow
19:04 Bow Saw
18:56 Heavy Plow
26:40 Hand Cart
26:14 Town Watch
28:58 Pikeman
37:31 Padded Archer Armor
37:42 Forging
37:37 Scale Barding Armor
42:28 Imperial Age
40:30 Bloodlines
40:21 Husbandry
41:10 Stone Shaft Mining
42:13 Light Cavalry
43:01 Elite Conquistador
45:20 Chemistry
44:27 Fletching
44:55 Leather Archer Armor
45:15 Iron Casting
44:41 Scale Mail Armor
45:02 Chain Barding Armor
44:46 Scale Mail Armor
45:22 Iron Casting
44:38 Fletching
46:06 Ballistics
45:56 Masonry
45:42 Murder Holes
45:58 Fortified Wall
47:24 Two-Man Saw
46:58 Ring Archer Armor
47:10 Caravan
48:21 Conscription
49:27 Hussar
52:17 Blast Furnace
51:52 Plate Barding Armor
56:16 Architecture
57:00 Chain Mail Armor
Unknown-Ben
0:32 Loom
13:48 Feudal Age
15:36 Double-Bit Axe
18:35 Castle Age
17:05 Stone Mining
18:08 Horse Collar
19:54 Bow Saw
22:03 Fletching
23:39 Gold Mining
25:50 Wheelbarrow
29:48 Gold Shaft Mining
29:09 Pikeman
32:14 Squires
33:19 Fletching
36:53 Imperial Age
34:32 Heavy Plow
35:24 Hand Cart
34:58 Town Watch
35:50 Bodkin Arrow
35:55 Padded Archer Armor
37:27 Leather Archer Armor
37:48 Yeomen
38:05 Conscription
38:10 Ballistics
38:51 Chemistry
38:02 Fortified Wall
37:56 Bracer
37:20 Halberdier
38:47 Scale Mail Armor
38:58 Forging
38:21 Elite Longbowman
40:06 Ring Archer Armor
42:30 Chain Mail Armor
42:51 Iron Casting
43:49 Two-Man Saw
45:04 Hoardings
45:09 Plate Mail Armor
45:40 Blast Furnace
44:57 Masonry
44:30 Treadmill Crane
44:56 Siege Engineers
61:22 Caravan
i.yildirim35
10:05 Feudal Age
10:38 Double-Bit Axe
14:59 Fishing Lines
22:32 Castle Age
22:35 Gold Mining
22:37 Stone Mining
24:12 Wheelbarrow
23:42 Gillnets
24:24 Bow Saw
24:52 Stone Shaft Mining
24:54 Gold Shaft Mining
25:28 Hand Cart
25:25 Scale Barding Armor
25:31 Forging
25:31 Horse Collar
28:53 Chain Barding Armor
29:08 Iron Casting
29:08 Heavy Plow
30:20 Arson
30:21 Gambesons
32:38 Pikeman
36:34 Imperial Age
36:44 Town Watch
37:15 Elite Woad Raider
37:51 Halberdier
39:42 Blast Furnace
39:13 Conscription
59:41 Light Cavalry
60:21 Husbandry
60:58 Hussar
Connection lost

Rejoining the realm…

Still unreachable

The connection could not be restored.

Session expired

The server has moved on; the page needs a fresh start.